 Dungeon Crawl Stone Soup version 0.16-a0-395-g6404e95 (console) character file.

53 gw the Slasher (level 3, 0/25 HPs)
             Began as a High Elf Gladiator on Sept 15, 2014.
             Succumbed to an adder's poison
             ... on Level 2 of the Dungeon.
             The game lasted 00:00:55 (1833 turns).

gw the Slasher (High Elf Gladiator)                 Turns: 1833, Time: 00:00:55

HP   0/25        AC  6     Str 14      XL: 3   Next: 64%
MP   5/5         EV 10     Int 12      God:
Gold 70          SH  0     Dex 16      Spells:  0 memorised,  2 levels left

rFire  . . .     SeeInvis .     a - +0 long sword
rCold  . . .     Clarity  .     h - +0 ring mail
rNeg   . . .     rCorr    .     (no shield)
rPois  .         rRot     .     c - +0 helmet
rElec  .         Spirit   .     (no cloak)
SustAb .         Warding  .     (no gloves)
rMut   .         Stasis   .     (no boots)
Gourm  .                        (no amulet)
MR     .....                    (no ring)
                                (no ring)

@: lethally poisoned, not resistant to hostile enchantments, very unstealthy
A: no striking features
a: no special abilities


You were on level 2 of the Dungeon.
You were not hungry.

You visited 1 branch of the dungeon, and saw 2 of its levels.

You collected 70 gold pieces.

Inventory:

Hand weapons
 a - a +0 long sword (weapon)
Missiles
 d - 3 throwing nets
Armour
 c - a +0 helmet (worn)
 h - a +0 ring mail (worn)
Comestibles
 f - 2 bread rations
Scrolls
 e - a scroll of amnesia
Potions
 b - 2 potions of lignification {unknown}
 i - a potion of might {unknown}


   Skills:
 + Level 2.6 Fighting
 * Level 4.7 Long Blades
 - Level 2.1 Throwing
 + Level 3.8 Dodging


You had 2 spell levels left.
You didn't know any spells.

Dungeon Overview and Level Annotations

Branches:
Dungeon (2/15)

Altars:


Message History

You feel sick.
ATTACKING (1,0)
You miss the kobold.
You feel sick. The kobold hits you but does no damage.
ATTACKING (1,0)
You hit the kobold.
The kobold is moderately wounded.
You feel sick. The kobold hits you with a club.
ATTACKING (1,0)
You hit the kobold.
You kill the kobold!
You feel sick.
ATTACKING (1,0)
You swing at nothing.
ATTACKING (1,0)
You swing at nothing.
You feel sick.
ATTACKING (1,0)
You swing at nothing.
ATTACKING (1,0)
You swing at nothing.
You die...

.........#......# ##.
#.........#.#....# #..
............#.#.###..
...%..<..............
#..................
....##....###.#.........
#..........%..........
#...#####....#..........
#..e).#.............
#.####....)......... #.
#............<.. #
#.........=.....
#...............
.............####
##....#....## #
........... ##
....#.#.......


There were no monsters in sight!

Table legend:
 A = Turns spent in this place as a percentage of turns spent in the entire game.
 B = Non-inter-level travel turns spent in this place as a percentage of non-inter-level travel turns spent in the entire game.
 C = Inter-level travel turns spent in this place as a percentage of turns spent in this place.
 D = Turns resting spent in this place as a percentage of non-inter-level travel turns spent in this place.
 E = Turns spent auto-exploring this place as a percentage of non-inter-level travel turns spent in this place.
 F = Non-inter-level travel turns spent in this place divided by the number of levels of this place that you've seen.
                   A       B       C       D       E      F
               +-------+-------+-------+-------+-------+----------------------
         Total | 100.0 | 100.0 |   1.0 |   6.3 |  10.4 | 246.0
       Dungeon | 100.0 | 100.0 |   1.0 |   6.3 |  10.4 | 246.0
               +-------+-------+-------+-------+-------+----------------------

Table legend:
 A = Kills in this place as a percentage of kills in entire the game.
 B = Kills by you in this place as a percentage of kills by you in the entire game.
 C = Kills by friends in this place as a percentage of kills by friends in the entire game.
 D = Other kills in this place as a percentage of other kills in the entire game.
 E = Experience gained in this place as a percentage of experience gained in the entire game.
 F = Experience gained in this place divided by the number of levels of this place that you have seen.
                   A       B       C       D       E      F
               +-------+-------+-------+-------+-------+----------------------
         Total | 100.0 | 100.0 |  -nan |  -nan | 100.0 |  38.5
       Dungeon | 100.0 | 100.0 |  -nan |  -nan | 100.0 |  38.5
               +-------+-------+-------+-------+-------+----------------------

Vanquished Creatures
  3 adders (D:2)
  A worm (D:2)
  An ooze (D:1)
  A ball python (D:2)
  3 hobgoblins
  3 kobolds
  4 bats (D:1)
  A goblin (D:1)
  A quokka (D:2)
  4 rats
22 creatures vanquished.

Notes
Turn   | Place    | Note
--------------------------------------------------------------
     0 | D:1      | gw, the High Elf Gladiator, began the quest for the Orb.
     0 | D:1      | Reached XP level 1. HP: 14/14 MP: 2/2
   324 | D:1      | Reached skill level 4 in Long Blades
   675 | D:1      | Reached XP level 2. HP: 6/19 MP: 3/3
  1490 | D:2      | Reached XP level 3. HP: 25/25 MP: 5/5
  1831 | D:2      | HP: 1/25 [poisoned by an adder]
  1833 | D:2      | Succumbed to an adder's poison

Action                   || total
-------------------------++-------
Melee: Long sword        ||    99
  Use: Potion            ||     2
       Scroll            ||     1
  Eat: Chunk             ||     3

Vault maps used:
D:1:      lightli_arrival_chessboard
D:2:      first_bread, serial_park_tiny_1, minmay_box_of_dots
